Map: 2000 Atmospheres LE

Players

Hellraiser

  • Race: Protoss Protoss

MarineLorD - Winner!

  • Race: Terran Terran
  • League: Master

Event: DreamHack SC2 Masters 2021 Winter

VOD

Have the link to the VOD?

Description

Time

  • Played on: Oct. 7, 2021, 12:05 p.m.
  • Length: 9:00

All games in this series

Show
View Real Time Build Order
Export as new Build Order

Hellraiser Protoss 

Build Orders: Blink Stalkers 

Get SALT Encoding   

  12  0:00  Probe  
  13  0:12  Probe  
  14  0:17  Pylon  
  14  0:24  Probe (Chrono Boost)  
  15  0:36  Gateway  
  15  0:37  Probe (Chrono Boost)  
  16  0:44  Probe (Chrono Boost)  
  16  0:45  Assimilator  
  17  0:51  Probe  
  18  1:03  Probe  
  19  1:15  Probe  
  20  1:24  Cybernetics Core  
  20  1:27  Probe  
  22  1:48  Pylon  
  22  1:53  Nexus  
  21  1:58  Adept (Chrono Boost)  
  23  2:06  Assimilator  
  23  2:09  Probe  
  23  2:12  Warp Gate  
  24  2:21  Stalker  
  26  2:23  Probe (Chrono Boost)  
  27  2:33  Probe (Chrono Boost)  
  28  2:38  Probe (Chrono Boost)  
  29  2:49  Twilight Council  
  29  2:50  Probe  
  30  3:02  Probe  
  30  3:03  Gateway  
  31  3:10  Probe (Chrono Boost)  
  33  3:23  Robotics Facility, Probe (Chrono Boost)  
  33  3:24  Probe (Chrono Boost)  
  34  3:27  Blink (Chrono Boost)  
  34  3:29  Probe (Chrono Boost)  
  34  3:31  Probe (Chrono Boost)  
  36  3:38  Probe  
  37  3:42  Probe  
  37  3:45  Pylon  
  38  3:50  Probe  
  38  3:54  Probe  
  40  4:02  Probe  
  41  4:05  Nexus  
  41  4:06  Probe  
  41  4:07  Pylon  
  42  4:11  Observer (Chrono Boost)  
  42  4:12  Stalker  
  42  4:14  Probe  
  42  4:16  Stalker  
  48  4:18  Probe  
  49  4:25  Observer  
  49  4:26  Probe  
  49  4:29  Pylon  
  49  4:30  Assimilator, Probe  
  52  4:32  Assimilator  
  52  4:38  Probe  
  52  4:41  Pylon  
  52  4:42  Probe  
  54  4:50  Probe  
  54  4:51  Robotics Bay  
  55  4:54  Probe  
  55  4:56  Gateway  
  56  5:00  Stalker  
  56  5:06  Stalker  
  56  5:07  Shield Battery  
  60  5:08  Shield Battery  
  60  5:09  Probe  
  60  5:20  Immortal (Chrono Boost)  
  55  5:21  Probe  
  55  5:22  Probe  
  61  5:31  Stalker x2  
  61  5:33  Probe  
  64  5:36  Probe  
  64  5:41  Probe  
  62  5:45  Probe  
  62  5:48  Probe  
  57  5:50  Stalker  
  57  5:53  Probe  
  56  5:59  Stalker  
  56  6:00  Probe  
  56  6:02  Colossus (Chrono Boost)  
  59  6:06  Probe  
  59  6:11  Extended Thermal Lance  
  65  6:13  Probe  
  65  6:14  Probe  
  65  6:20  Probe, Pylon  
  65  6:25  Sentry  
  68  6:27  Stalker  
  68  6:29  Probe x2  
  72  6:33  Stalker  
  72  6:34  Probe  
  75  6:42  Probe  
  75  6:43  Shield Battery  
  75  6:46  Probe  
  78  6:50  Stalker, Colossus (Chrono Boost)  
  78  6:51  Stalker  
  81  6:58  Stalker  
  81  7:01  Shield Battery  
  89  7:07  Forge  
  89  7:10  Gateway  
  89  7:14  Charge, Sentry  
  91  7:15  Zealot  
  93  7:22  Pylon  
  93  7:24  Pylon x2  
  93  7:29  Pylon  
  93  7:38  Colossus (Chrono Boost)  
  93  7:39  Gateway  
  93  7:40  Probe  
  97  7:46  Zealot x3  
  96  7:51  Probe  
  96  7:53  Probe  
  96  7:55  Probe  
  98  8:03  Probe  
  99  8:12  Pylon  
  99  8:15  Probe  
  99  8:17  Probe x2, Pylon  
  102  8:25  Gateway  
  104  8:27  Probe  
  104  8:33  Probe  
  106  8:36  Dark Shrine  
  106  8:41  Zealot x3  
  110  8:44  Zealot  
  110  8:45  Probe  
  110  8:46  Probe  
  101  8:55  Zealot  
Show
View Real Time Build Order
Export as new Build Order

MarineLorD Terran - Winner!

Build Orders:  

Get SALT Encoding   

  12  0:00  SCV  
  13  0:12  SCV  
  14  0:16  Supply Depot  
  14  0:24  SCV  
  15  0:29  Refinery  
  15  0:38  SCV  
  16  0:45  Barracks  
  16  0:50  SCV  
  17  1:02  SCV  
  18  1:05  Engineering Bay  
  18  1:14  SCV  
  19  1:27  SCV  
  20  1:35  Marine  
  21  1:40  Engineering Bay  
  21  1:42  Orbital Command  
  21  1:47  Factory  
  21  1:54  Barracks Reactor  
  21  1:59  Supply Depot  
  21  2:07  SCV  
  22  2:18  Command Center  
  22  2:21  SCV  
  27  2:37  Hellion x2  
  27  2:41  Barracks  
  27  2:43  SCV  
  28  2:49  Supply Depot  
  28  2:55  SCV  
  29  3:06  Marine x2  
  29  3:07  Factory Tech Lab  
  29  3:11  SCV  
  32  3:23  SCV  
  32  3:24  Marine x2  
  32  3:25  Cyclone  
  38  3:29  Orbital Command  
  38  3:32  Barracks Tech Lab  
  38  3:35  SCV  
  39  3:41  Barracks  
  39  3:42  Marine x2  
  41  3:49  SCV  
  41  3:50  Marine  
  41  3:51  Stimpack  
  41  3:55  SCV  
  44  4:01  Cyclone  
  47  4:03  SCV  
  47  4:07  SCV  
  47  4:08  Supply Depot  
  47  4:09  Marine  
  50  4:10  Marine  
  50  4:12  Marine  
  50  4:16  Refinery  
  52  4:17  SCV  
  52  4:19  SCV  
  54  4:28  Supply Depot  
  54  4:30  SCV  
  54  4:31  Supply Depot, SCV  
  55  4:34  Marine x2  
  58  4:40  Combat Shield  
  58  4:41  Marine x2  
  58  4:42  SCV  
  58  4:45  SCV  
  60  4:48  Supply Depot  
  60  4:51  Engineering Bay  
  60  4:54  SCV  
  60  4:55  Marine x2  
  60  4:58  SCV  
  64  5:00  Marauder  
  64  5:02  Marauder  
  68  5:07  SCV  
  68  5:10  SCV  
  70  5:19  SCV  
  70  5:20  Marine x2  
  71  5:23  Marauder, SCV  
  74  5:31  SCV  
  74  5:34  Marauder  
  74  5:35  SCV  
  74  5:41  Concussive Shells, Factory Reactor  
  70  5:43  Marine x2  
  70  5:44  Marauder, SCV  
  70  5:45  Starport  
  72  5:55  Marauder  
  73  5:57  Barracks  
  73  5:58  Refinery x2  
  73  5:59  Barracks  
  73  6:02  Marine x2  
  74  6:07  Marauder  
  74  6:09  Terran Infantry Weapons Level 1  
  76  6:13  Supply Depot  
  73  6:19  Marauder  
  75  6:26  Missile Turret  
  75  6:27  Supply Depot  
  75  6:28  Marauder  
  75  6:29  Marine  
  75  6:30  Marine  
  75  6:32  Medivac  
  81  6:38  Supply Depot  
  81  6:40  Medivac, Marine  
  81  6:45  Command Center  
  81  6:46  Barracks Tech Lab  
  84  6:47  Barracks Reactor, Marine  
  84  6:52  Factory Reactor  
  85  6:56  Marauder  
  85  6:57  Marine  
  85  6:58  Marine  
  89  7:05  Medivac  
  89  7:07  SCV x2  
  93  7:11  Marauder, Marine  
  93  7:15  Marine  
  97  7:16  Marauder  
  97  7:22  SCV x2  
  101  7:27  Marauder, Supply Depot x2, Marine x2  
  101  7:29  Marine  
  106  7:32  Marine  
  106  7:33  Marauder  
  106  7:34  SCV  
  110  7:48  Medivac x2, SCV x2, Marine  
  110  7:49  Marauder  
  116  7:52  Marauder, Marine x2  
  116  7:54  Marauder, Marine  
  123  7:58  Orbital Command  
  123  8:00  SCV x2  
  123  8:05  Widow Mine x2  
  129  8:11  Marauder, Marine x2  
  133  8:14  SCV  
  133  8:15  SCV  
  133  8:19  Medivac  
  137  8:22  Medivac  
  139  8:30  Marauder, Supply Depot  
  139  8:31  Supply Depot  
  141  8:44  SCV  
  141  8:47  SCV  

Tags
 
Add a new tag
Caveats
  • Supply blocks, unpowered buildings, or Contaminate may cause inaccurate times.
  • Supply counts are checked every 10 seconds.